 Dungeon Crawl Stone Soup version 0.27-a0-124-g19cb506db8 (webtiles) character file.

Game seed: 9473171848180676242

102 knot the Chopper (level 4, 43/52 HPs)
             Began as a Demonspawn Berserker on Jan 26, 2021.
             Was a Follower of Trog.
             Quit the game on level 2 of the Dungeon.
             The game lasted 00:00:44 (775 turns).

knot the Chopper (Demonspawn Berserker)              Turns: 775, Time: 00:00:45

Health: 43/52      AC:  3    Str: 18    XL:     4   Next: 50%
Magic:  4/4        EV: 12    Int:  9    God:    Trog [*.....]
Gold:   59         SH:  0    Dex: 14    Spells: 3/3 levels left

rFire    . . .     SeeInvis .   a - +0 hand axe
rCold    . . .     Faith    .   (no shield)
rNeg     . . .     Spirit   .   b - +0 animal skin
rPois    .         Reflect  .   (no helmet)
rElec    .         Harm     .   (no cloak)
rCorr    .         Rampage  .   f - +0 pair of gloves
Will     .....                  (no boots)
Stlth    ..........             (no amulet)
HPRegen  1.17/turn              (no ring)
MPRegen  0.09/turn              (no ring)

@: berserking, very quick
A: thin skeletal structure 1, powered by death 1, powered by pain 1
a: Renounce Religion, Berserk


You were on level 2 of the Dungeon.
You worshipped Trog.
Trog was aware of your devotion.
You visited 1 branch of the dungeon, and saw 2 of its levels.

You collected 59 gold pieces.

Inventory:

Hand Weapons
 a - a +0 hand axe (weapon)
Missiles
 d - 92 stones
Armour
 b - a +0 animal skin (worn)
 f - a +0 pair of gloves (worn)
Scrolls
 c - 2 scrolls of identify {unknown}
 h - a scroll of teleportation {unknown}
 j - a scroll of fear {unknown}
Potions
 e - 5 potions of curing {unknown}
 g - 2 potions of lignification {unknown}
 i - a potion of mutation {unknown}
 k - a potion of flight {unknown}


   Skills:
 - Level 3.0 Fighting
 + Level 4.9 Axes
 - Level 1.7 Armour
 - Level 1.7 Dodging


You had 3 spell levels left.
You didn't know any spells.
Your spell library was empty.

Dungeon Overview and Level Annotations

Branches:
Dungeon (2/15)

Altars:
Uskayaw


Innate Abilities, Weirdness & Mutations

You have a somewhat thin skeletal structure. (Dex +2, Stealth)
You regenerate a little health from kills.
You sometimes gain a little power by taking damage.


Message History

Trog accepts your kill.
The ogre hits you with a +0 giant spiked club!
You slash the ogre!
The ogre is severely wounded.
You closely miss the bat. The bat hits you but does no damage.
The bat misses you.
You slash the ogre!
You kill the ogre!
Trog accepts your kill.
You miss the bat. The bat hits you but does no damage. The bat misses you.
Your Axes skill increases to level 4!
You have reached level 3!
Your experience leads to an increase in your attributes!
Increase (S)trength, (I)ntelligence, or (D)exterity?
You feel clever.
Your demonic ancestry asserts itself...
You feel energised by your suffering.
You have reached level 4!
You feel stronger.
Your demonic ancestry asserts itself...
Your bones become slightly less dense.
Are you sure you want to abandon this character and quit the game? (Confirm with "yes".)

#..##.####..?.....
#..##†#......#
#........##..######
#..†).....†........
#..##....##...#####
#..##.#.###.....###
#.?...............#
#..##....##b#####.#
#..####..#†@#(..#.. #
#..# #...))#(..#..
#.#..####.###.#####..
####.#.................#
........####.###..._...#
####.#..# ##.....##
#.#>.# #.#### # #.## ?.
#.#


You could see 2 dancing weapons and a bat.

Vanquished Creatures
  An ogre (D:2)
  A leopard gecko (D:2)
  4 bats
  A giant cockroach (D:1)
  2 goblins
  3 hobgoblins
  A kobold (D:1)
  2 ball pythons
  3 rats
18 creatures vanquished.

Notes
Turn   | Place    | Note
-------+----------+-------------------------------------------
     0 | D:1      | knot the Demonspawn Berserker began the quest for the Orb.
     0 | D:1      | Reached XP level 1. HP: 18/18 MP: 1/1
   180 | D:1      | Reached skill level 3 in Axes
   480 | D:1      | Gained mutation: You regenerate a little health from kills.
                  | [demonic ancestry]
   480 | D:1      | Reached XP level 2. HP: 24/24 MP: 2/2
   750 | D:2      | Noticed a +0 hand axe
   751 | D:2      | Noticed a +0 hand axe
   762 | D:2      | Found a hide-covered altar of Uskayaw.
   762 | D:2      | Noticed an ogre
   774 | D:2      | Killed an ogre
   775 | D:2      | Reached skill level 4 in Axes
   775 | D:2      | Gained mutation: You sometimes gain a little power by
                  | taking damage. [demonic ancestry]
   775 | D:2      | Reached XP level 3. HP: 29/29 MP: 3/3
   775 | D:2      | Gained mutation: You have a somewhat thin skeletal
                  | structure. (Dex +2, Stealth) [demonic ancestry]
   775 | D:2      | Reached XP level 4. HP: 35/35 MP: 4/4
   775 | D:2      | Quit the game

Illustrated notes

Levels and vault maps discovered:
D:1:      lemuel_arrival_cross, layout_loops_ring, minmay_cupped
D:2:      layout_loops_ring, dancing_weapons_uskayaw

Skill      XL: |  1  2 |
---------------+-------+-----
Axes           | 3 4 |  4.9
Fighting       | |  3.0
Armour         | |  1.7
Dodging        | |  1.7

Action                   |  1- 3 |  4- 6 || total
-------------------------+-------+-------++-------
Melee: Hand axe          |    40 |       ||    40
Invok: Berserk           |     1 |       ||     1
Armor: Animal skin       |    13 |       ||    13
Dodge: Dodged            |    33 |       ||    33

Table legend: (Time is in decaauts)
 A = Elapsed time spent in this place.
 B = Non-inter-level travel time spent in this place.
 C = Inter-level travel time spent in this place.
 D = Time resting spent in this place.
 E = Time spent auto-exploring this place.
 F = Levels seen in this place.
 G = Mean time per level.
                   A        B        C        D        E       F      G
               +--------+--------+--------+--------+--------+-----+--------+
         Total |    778 |    759 |     19 |      0 |    653 |   2 |  389.0 |
       Dungeon |    778 |    759 |     19 |      0 |    653 |   2 |  389.0 |
               +--------+--------+--------+--------+--------+-----+--------+

Top non-repeatable levels by time:
     D:1: 701 daAuts
     D:2: 77 daAuts
